cohdb
Replays
Latest Replays
All Replays
Popular Replays
Top Player Replays
Match Explorer
How It Works
Community
CoH3 Stats
Reddit
Sign in to upload your games and track your stats! →
Sign in with Steam
Match 40917505
Unlisted
Match 40917505
Overview
Messages
Build Orders
End
Panzerpioneer Squad
Selects Panzerjäger Kommand Battlegroup
Selects Mine Fields
250 Light Carrier
250 Light Carrier
Construct Light Support Kompanie
Combat Half-tracks
Selects GrB 39 Grenade Launcher Requisition
Panzerjäger Squad
250 Light Carrier
Panzerjäger Squad
Fire Support Elements
Advanced Field Repairs
Construct Panzerarmee Kommand
Selects Defensive Positions
Rapid Advance
Panzer III L Medium Tank
Tungsten Core Ammunition
Panzer III L Medium Tank
Emergency Repair Kits
Panzer III L Medium Tank
Selects Butterfly Bomb Drop
Vehicle Survival Package
Selects Crew Shock Tactics
Panzer III L Medium Tank
Panzer III L Medium Tank
Selects Anti-tank Overwatch
Selects Anti-tank Overwatch
Anti-tank Overwatch
Butterfly Bomb Drop
Assault Mechanized Group
Walking Stuka Rocket Launcher
Panzerpioneer Squad
Panzer III L Medium Tank
Anti-tank Overwatch
Panzer III L Medium Tank
Stevel
HeyGuys! I_Guess_That's_it
FocusFuelOrFaceMyWrath
Voodoo408
SirFecker
Rolo
alicece2
Eredar
0
0
Comments
sign in to comment!
No comments posted yet!